[Event "56th Biel Festival MTO 2023"]
[White "Vantika Agrawal"]
[Black "Wang,Chen"]
[Site "Biel"]
[Round "8.12"]
[Annotator "ChessBase"]
[Result "1-0"]
[Date "2023.07.26"]
[WhiteElo "2428"]
[BlackElo "2477"]
[PlyCount "67"]
[TimeControl "60"]

1. d4 Nf6 2. c4 e6 3. g3 Bb4+ 4. Bd2 Be7 5. Bg2 O-O 6. Nf3 d5 7. O-O c6 8. Qc2 Nbd7 9. Bf4 a5 10. Rd1 a4 11. a3 h6 12. Nc3 Qa5 13. e4 dxc4 14. Qe2 Nb6 15. Ne5 Nfd7 16. Ng4 f6 17. Bd2 Rf7 18. Nd5 Qb5 19. Nc7 Qb3 20. Nxa8 Nxa8 21. Bc3 Ndb6 22. d5 e5 23. Ne3 Bd7 24. d6 Bf8 25. f4 Qb5 26. Bf3 Be6 27. fxe5 fxe5 28. Kg2 Nc8 29. Bh5 Rd7 30. Bg4 Rxd6 31. Rxd6 Bxg4 32. Qxg4 Nxd6 33. Qe6+ Kh7 34. Rf1 1-0

[Event "56th Biel Festival MTO 2023"]
[White "Huston,Gus"]
[Black "Muthaiah AL"]
[Site "Biel"]
[Round "8.13"]
[Annotator "ChessBase"]
[Result "1/2-1/2"]
[Date "2023.07.26"]
[WhiteElo "2341"]
[BlackElo "2445"]
[PlyCount "107"]
[TimeControl "60"]

1. e4 c5 2. Nf3 e6 3. d4 cxd4 4. Nxd4 Nc6 5. Nc3 Qc7 6. f4 a6 7. Nxc6 bxc6 8. Bd3 d5 9. Qe2 Nf6 10. O-O Be7 11. Kh1 c5 12. b3 O-O 13. Bd2 Bb7 14. Rae1 dxe4 15. Nxe4 Nxe4 16. Bxe4 Bf6 17. f5 Rfe8 18. Bf4 Qb6 19. Bxb7 Qxb7 20. Rf3 Qd5 21. Bg3 h6 22. c4 Qc6 23. Qf1 a5 24. Rfe3 a4 25. fxe6 Rxe6 26. Rxe6 fxe6 27. Qe2 axb3 28. axb3 Ra3 29. Rb1 Bd4 30. Be5 Bxe5 31. Qxe5 Ra2 32. Qg3 Qe4 33. Re1 Re2 34. Rxe2 Qxe2 35. h3 Qd1+ 36. Kh2 Qd4 37. Qc7 Kh7 38. Qf7 Qe5+ 39. Kg1 Qe1+ 40. Kh2 Qe5+ 41. Kg1 Qd4+ 42. Kh1 e5 43. Qf5+ Kg8 44. Qe6+ Kf8 45. Kh2 e4 46. h4 Qe3 47. Qc8+ Ke7 48. Qc7+ Kf6 49. Qd6+ Kf5 50. Qd7+ Kg6 51. Qe6+ Kh5 52. Qf5+ g5 53. hxg5 hxg5 54. Qh7+ 1/2-1/2

[Event "56th Biel Festival MTO 2023"]
[White "Licznerski,Lukasz"]
[Black "Dotzer,Lukas"]
[Site "Biel"]
[Round "8.14"]
[Annotator "ChessBase"]
[Result "0-1"]
[Date "2023.07.26"]
[WhiteElo "2430"]
[BlackElo "2369"]
[PlyCount "88"]
[TimeControl "60"]

1. e4 c5 2. Nf3 e6 3. d4 cxd4 4. Nxd4 Nc6 5. Nc3 Qc7 6. Be3 a6 7. g4 b5 8. Nxc6 Qxc6 9. Qd2 b4 10. Ne2 Qxe4 11. Rg1 Qc6 12. Bg2 d5 13. O-O-O Bb7 14. f4 Nf6 15. f5 exf5 16. gxf5 O-O-O 17. Kb1 Bd6 18. Bf3 Ne4 19. Bxe4 dxe4 20. Nd4 Qc4 21. Rxg7 Be5 22. Rgg1 Rd5 23. c3 bxc3 24. bxc3 Rhd8 25. Ka1 Ra5 26. Rb1 Bd5 27. Rb2 Ra3 28. Rc1 Rd7 29. Rb3 Qxb3 30. Nxb3 Bxb3 31. Bd4 Rxa2+ 32. Qxa2 Bxa2 33. Bxe5 Rd5 34. Bd4 Bc4 35. f6 Ra5+ 36. Kb1 Rh5 37. Kb2 Rxh2+ 38. Ka3 a5 39. Ra1 h5 40. Ka4 h4 41. Kxa5 Ra2+ 42. Rxa2 Bxa2 43. Kb4 h3 44. Bg1 e3 0-1

[Event "56th Biel Festival MTO 2023"]
[White "Aarav Dengla"]
[Black "Rohith Krishna S"]
[Site "Biel"]
[Round "8.15"]
[Annotator "ChessBase"]
[Result "1/2-1/2"]
[Date "2023.07.26"]
[WhiteElo "2343"]
[BlackElo "2429"]
[PlyCount "68"]
[TimeControl "60"]

1. e4 e5 2. Nf3 Nc6 3. Bc4 Bc5 4. c3 Nf6 5. d3 d6 6. O-O a5 7. Re1 Ba7 8. a4 O-O 9. h3 h6 10. Bb3 Nh5 11. Na3 Qf6 12. Nb5 Bb6 13. d4 Nf4 14. Nh2 Ne7 15. Bxf4 Qxf4 16. Re3 Kh8 17. Qe2 f5 18. Rf3 Qg5 19. exf5 Bxf5 20. Bc2 Bxc2 21. Qxc2 Nf5 22. Re1 exd4 23. Nxd4 Bxd4 24. cxd4 Nxd4 25. Rxf8+ Rxf8 26. Qxc7 Qd2 27. Rf1 Ne2+ 28. Kh1 Qd4 29. Qe7 Rxf2 30. Rxf2 Qxf2 31. Qe8+ Kh7 32. Qe4+ Kh8 33. Qe8+ Kh7 34. Qe4+ Kh8 1/2-1/2

[Event "56th Biel Festival MTO 2023"]
[White "Rosen,Eric"]
[Black "Huang,Qian"]
[Site "Biel"]
[Round "8.16"]
[Annotator "ChessBase"]
[Result "1/2-1/2"]
[Date "2023.07.26"]
[WhiteElo "2344"]
[BlackElo "2422"]
[PlyCount "49"]
[TimeControl "60"]

1. e4 c5 2. c3 Nf6 3. e5 Nd5 4. Nf3 Nc6 5. Bc4 Nb6 6. Bb3 d6 7. exd6 Qxd6 8. O-O Be6 9. d4 cxd4 10. Na3 a6 11. Bxe6 Qxe6 12. Nxd4 Nxd4 13. Qxd4 Rd8 14. Qh4 Qc6 15. Be3 e6 16. Bxb6 Qxb6 17. Qa4+ Rd7 18. Rad1 Qc7 19. Rd3 Bd6 20. Rfd1 O-O 21. g3 Rdd8 22. Nc4 Bc5 23. Rxd8 Rxd8 24. Rxd8+ Qxd8 25. Qc2 1/2-1/2

[Event "56th Biel Festival MTO 2023"]
[White "Nie,Xinyang"]
[Black "Jinan Jomon"]
[Site "Biel"]
[Round "8.17"]
[Annotator "ChessBase"]
[Result "1-0"]
[Date "2023.07.26"]
[WhiteElo "2288"]
[BlackElo "2409"]
[PlyCount "123"]
[TimeControl "60"]

1. d4 Nf6 2. c4 e6 3. Nf3 Bb4+ 4. Nbd2 b6 5. a3 Bxd2+ 6. Bxd2 Bb7 7. e3 d6 8. Bd3 O-O 9. Qc2 c5 10. e4 cxd4 11. Nxd4 Nbd7 12. O-O Rc8 13. Nb5 Ne5 14. Nxa7 Bxe4 15. Bxe4 Rxc4 16. Bxh7+ Nxh7 17. Qb3 Qa8 18. Nb5 d5 19. Qg3 Ng6 20. Bb4 Rd8 21. b3 Rcc8 22. Nd4 e5 23. Nf5 Rc6 24. Rac1 Kh8 25. h4 Rg8 26. Nd6 Rf8 27. Rce1 Qd8 28. h5 Nf4 29. Rxe5 Qf6 30. Rfe1 Rc1 31. R5e3 d4 32. Re4 Rxe1+ 33. Bxe1 Nxh5 34. Qh4 Qxh4 35. Rxh4 N5f6 36. Rxd4 Ng5 37. Rb4 Nd7 38. Bd2 Ne6 39. Be3 Kg8 40. Nc4 Ra8 41. a4 Ra6 42. Nxb6 Ne5 43. Rb5 Nc6 44. Nd5 Ncd4 45. Rb8+ Kh7 46. Nc7 Nxc7 47. Bxd4 Ne6 48. Bb6 Nf4 49. g3 Nd5 50. Bc5 g5 51. Rd8 Nc3 52. Be3 g4 53. Kf1 Kg6 54. Rg8+ Kf5 55. Rg5+ Ke4 56. Rxg4+ Kd3 57. Rc4 f5 58. Rc5 Rf6 59. Kg2 Ne4 60. Rc8 Rg6 61. Kf3 Nc3 62. a5 1-0

[Event "56th Biel Festival MTO 2023"]
[White "Eidelman,Gabriel"]
[Black "Ajay Krishna,S."]
[Site "Biel"]
[Round "8.18"]
[Annotator "ChessBase"]
[Result "1-0"]
[Date "2023.07.26"]
[WhiteElo "2204"]
[BlackElo "2390"]
[PlyCount "81"]
[TimeControl "60"]

1. d4 d5 2. c4 e6 3. Nc3 c6 4. e4 dxe4 5. Nxe4 Bb4+ 6. Bd2 Qxd4 7. Bxb4 Qxe4+ 8. Be2 Na6 9. Bd6 Qxg2 10. Qd2 Nf6 11. Bf3 Qg6 12. O-O-O e5 13. Bxe5 Be6 14. Ne2 Qf5 15. Bf4 Qc5 16. b3 Qa3+ 17. Kb1 Bf5+ 18. Ka1 O-O 19. Bd6 Nc5 20. Qe3 Nfd7 21. Bxf8 Nxf8 22. Nd4 Bg6 23. Qc1 Qb4 24. Qd2 Qb6 25. Qc3 a5 26. Rd2 Nfd7 27. Rg1 Ne5 28. Nf5 Qc7 29. Re1 f6 30. Nh4 Bf7 31. Bd1 b5 32. f4 Ned7 33. cxb5 cxb5 34. Rxd7 Qxd7 35. Qxc5 Rc8 36. Qe3 b4 37. Nf3 Rc3 38. Qd4 Qc7 39. Kb2 Rc5 40. Qe4 Rf5 41. Qa8+ 1-0

[Event "56th Biel Festival MTO 2023"]
[White "Seul,Georg"]
[Black "Sutter,Oliver"]
[Site "Biel"]
[Round "8.19"]
[Annotator "ChessBase"]
[Result "1-0"]
[Date "2023.07.26"]
[WhiteElo "2376"]
[BlackElo "2313"]
[PlyCount "55"]
[TimeControl "60"]

1. e4 e6 2. d4 d5 3. e5 c5 4. c3 Nc6 5. Nf3 Bd7 6. Be2 f6 7. O-O fxe5 8. Nxe5 Nxe5 9. dxe5 Qc7 10. Bf4 O-O-O 11. a4 Ne7 12. Na3 Ng6 13. Bg3 c4 14. b3 cxb3 15. Qxb3 Kb8 16. c4 d4 17. Nb5 Qc5 18. Rfd1 Bc6 19. Qb2 Bxb5 20. cxb5 h5 21. Rac1 Qb6 22. h4 Be7 23. Qa2 d3 24. Bxd3 Nxh4 25. a5 Qd4 26. Qxe6 Qb4 27. Rc4 Rxd3 28. Rdc1 1-0

[Event "56th Biel Festival MTO 2023"]
[White "Haimovich,Tal"]
[Black "Joly,Julien"]
[Site "Biel"]
[Round "8.20"]
[Annotator "ChessBase"]
[Result "0-1"]
[Date "2023.07.26"]
[WhiteElo "2374"]
[BlackElo "2249"]
[PlyCount "96"]
[TimeControl "60"]

1. d4 e6 2. c4 d5 3. Nc3 Bb4 4. e3 Nf6 5. a3 Bxc3+ 6. bxc3 O-O 7. cxd5 exd5 8. Bd3 c5 9. Ne2 b6 10. O-O Ba6 11. f3 Bxd3 12. Qxd3 Re8 13. Ng3 Nc6 14. Ra2 Qd7 15. Re2 Re6 16. Bb2 Rd8 17. Rd1 c4 18. Qc2 h5 19. Rde1 h4 20. Nf1 Nh5 21. Bc1 Rg6 22. e4 Ne7 23. Rf2 b5 24. Qd1 Nf6 25. a4 dxe4 26. fxe4 Ng4 27. Rf4 h3 28. Ng3 hxg2 29. axb5 Ne5 30. Qh5 Nd3 31. Rh4 f6 32. Rd1 Nxc1 33. Rxc1 Rh6 34. Qg4 Rxh4 35. Qxh4 Qxb5 36. Qg4 Qb2 37. Qd1 Ng6 38. Rc2 Qb3 39. Kxg2 Nf4+ 40. Kf3 Nd3 41. Ke2 Kf7 42. Kd2 Rh8 43. Qg1 g6 44. d5 Qa4 45. Ne2 Rh4 46. Nc1 Ne5 47. Kd1 Rxe4 48. Qg2 Ng4 0-1

[Event "56th Biel Festival MTO 2023"]
[White "Materia,Marco"]
[Black "Vasquez Toledo,Cristian"]
[Site "Biel"]
[Round "8.21"]
[Annotator "ChessBase"]
[Result "1-0"]
[Date "2023.07.26"]
[WhiteElo "2436"]
[BlackElo "2233"]
[PlyCount "103"]
[TimeControl "60"]

1. d4 Nf6 2. c4 g6 3. Nc3 Bg7 4. e4 d6 5. h3 e5 6. dxe5 dxe5 7. Qxd8+ Kxd8 8. Nf3 Nc6 9. Be3 Be6 10. O-O-O+ Kc8 11. Be2 h6 12. Kb1 a6 13. Rc1 Rd8 14. Rhd1 Rxd1 15. Rxd1 Nd7 16. Nd5 a5 17. Ne1 b6 18. Nc2 Kb7 19. Na3 Bf8 20. Nb5 Rc8 21. Bg4 Nc5 22. Bxe6 fxe6 23. Ndc3 Rd8 24. Rxd8 Nxd8 25. Kc2 Nc6 26. Kd2 Kc8 27. f3 Kd7 28. Nd1 Nd8 29. Nf2 h5 30. Bxc5 Bxc5 31. Nd3 Bd6 32. c5 bxc5 33. Na3 Ke7 34. Nc4 Nc6 35. a4 Kf6 36. Nc1 Kg5 37. Ke3 Kh4 38. Kf2 Nb4 39. Nxa5 c4 40. Nxc4 Bc5+ 41. Kf1 Nc2 42. Nd3 Bd4 43. Ndxe5 g5 44. Nc6 g4 45. hxg4 hxg4 46. a5 Kg3 47. a6 Bc5 48. fxg4 Kxg4 49. b4 Ba7 50. b5 Kf4 51. Nxa7 Nd4 52. Na3 1-0

[Event "56th Biel Festival MTO 2023"]
[White "Wessman,Richard"]
[Black "Frey,Fabian"]
[Site "Biel"]
[Round "8.22"]
[Annotator "ChessBase"]
[Result "1-0"]
[Date "2023.07.26"]
[WhiteElo "2410"]
[BlackElo "2230"]
[PlyCount "49"]
[TimeControl "60"]

1. d4 d5 2. c4 c6 3. Nf3 Nf6 4. Nc3 e6 5. g3 dxc4 6. Bg2 b5 7. O-O Bb7 8. e4 Be7 9. Bg5 h6 10. Bxf6 Bxf6 11. e5 Be7 12. h4 O-O 13. Nh2 Qb6 14. Qh5 Nd7 15. Ng4 Rfd8 16. Rad1 Nf8 17. Ne4 Rxd4 18. Nef6+ Bxf6 19. exf6 Nh7 20. fxg7 Rxg4 21. Qxg4 Nf6 22. Qf4 Kxg7 23. Qe5 Rc8 24. Rd4 Kg6 25. h5+ 1-0

[Event "56th Biel Festival MTO 2023"]
[White "Morawietz,Dieter"]
[Black "Costello,Alexander"]
[Site "Biel"]
[Round "8.23"]
[Annotator "ChessBase"]
[Result "1-0"]
[Date "2023.07.26"]
[WhiteElo "2396"]
[BlackElo "2224"]
[PlyCount "67"]
[TimeControl "60"]

1. d4 Nf6 2. c4 g6 3. Nc3 d5 4. Bg5 Ne4 5. Bh4 Nxc3 6. bxc3 c5 7. e3 Nc6 8. Nf3 Bg7 9. cxd5 Qxd5 10. Be2 cxd4 11. cxd4 Qa5+ 12. Qd2 Be6 13. Rb1 b6 14. Bb5 Bd7 15. O-O Qxd2 16. Nxd2 Na5 17. Ba6 Bc6 18. Nb3 Nxb3 19. Rxb3 e5 20. Rc3 Bd7 21. Rc7 Be6 22. Bb7 Rb8 23. Bc6+ Kf8 24. d5 Bf5 25. Be7+ Kg8 26. d6 Bf8 27. Bd5 Kg7 28. e4 Bc8 29. Rfc1 Ba6 30. Rxa7 Bxe7 31. Rxe7 Rbd8 32. Rxf7+ Kh6 33. Rc6 Bb7 34. Rxb7 1-0

[Event "56th Biel Festival MTO 2023"]
[White "Kamber,Bruno"]
[Black "Pham,Le Thao Nguyen"]
[Site "Biel"]
[Round "8.24"]
[Annotator "ChessBase"]
[Result "0-1"]
[Date "2023.07.26"]
[WhiteElo "2214"]
[BlackElo "2369"]
[PlyCount "84"]
[TimeControl "60"]

1. e4 c6 2. d4 d5 3. e5 Bf5 4. Nf3 e6 5. Be2 Nd7 6. c3 h6 7. O-O Ne7 8. Na3 a6 9. Nc2 Nc8 10. a4 c5 11. dxc5 Bxc5 12. b4 Be7 13. Ncd4 Bh7 14. Nxe6 fxe6 15. Nd4 Nf8 16. Bh5+ g6 17. Bxh6 Bg8 18. Bxf8 Rxh5 19. g4 Rh7 20. Bxe7 Qxe7 21. f4 Nb6 22. Nf3 Nc4 23. Qd3 Bf7 24. Ng5 Rh4 25. Qg3 Rh6 26. h4 O-O-O 27. Rf2 Rdh8 28. Rh2 Be8 29. Nf3 Kb8 30. Qf2 Bd7 31. Kg2 Rf8 32. Kg3 Rh7 33. Ng5 Rhh8 34. Qc2 Qg7 35. Qe2 Rc8 36. Nf3 Nb6 37. a5 Na4 38. Rc1 Nxc3 39. Qe3 Ne4+ 40. Kh3 Qe7 41. Rhh1 Qxb4 42. Rb1 Rc3 0-1

[Event "56th Biel Festival MTO 2023"]
[White "Sukandar,Irine Kharisma"]
[Black "Zhang,Lanlin"]
[Site "Biel"]
[Round "8.25"]
[Annotator "ChessBase"]
[Result "1/2-1/2"]
[Date "2023.07.26"]
[WhiteElo "2358"]
[BlackElo "2194"]
[PlyCount "117"]
[TimeControl "60"]

1. Nf3 Nf6 2. e3 d5 3. c4 e6 4. b3 c5 5. Bb2 Nc6 6. cxd5 exd5 7. Bb5 Bd6 8. O-O a6 9. Bxc6+ bxc6 10. d4 cxd4 11. Bxd4 h6 12. Qc2 Bd7 13. Nc3 O-O 14. Na4 Ne4 15. Rac1 a5 16. Be5 Bb4 17. Bb2 f6 18. Rfd1 Rc8 19. h3 Bd6 20. Qe2 Bb8 21. Bd4 Re8 22. Bb6 Bc7 23. Bxc7 Qxc7 24. Nc5 Qd6 25. Qc2 f5 26. Nd4 f4 27. exf4 Nxc5 28. Qxc5 Qxf4 29. Re1 Rf8 30. Ne2 Qd2 31. Qc3 Qg5 32. Ng3 h5 33. Re5 Qf4 34. Rxh5 Qxf2+ 35. Kh2 Qf6 36. Qd3 g6 37. Rh6 Be8 38. Qe3 d4 39. Qe4 Qg5 40. Rh4 Rd8 41. Rd1 c5 42. Rg4 Qd5 43. Qd3 Rd7 44. Re1 Rg7 45. Qd2 Bc6 46. Kg1 a4 47. b4 d3 48. Nf1 cxb4 49. Ne3 Qd6 50. Rd1 Rb8 51. Qb2 Qe6 52. Rxd3 b3 53. axb3 axb3 54. Rgd4 Rd7 55. Rh4 Rg7 56. Rg4 Ra7 57. Rh4 Rg7 58. Rhd4 Rd7 59. Rh4 1/2-1/2

[Event "56th Biel Festival MTO 2023"]
[White "Wang,Chuqiao"]
[Black "Besou,Hussain"]
[Site "Biel"]
[Round "8.26"]
[Annotator "ChessBase"]
[Result "1/2-1/2"]
[Date "2023.07.26"]
[WhiteElo "2161"]
[BlackElo "2348"]
[PlyCount "64"]
[TimeControl "60"]

1. d4 Nf6 2. c4 e6 3. Nf3 d5 4. Nc3 Be7 5. Bg5 O-O 6. e3 h6 7. Bf4 b6 8. cxd5 exd5 9. Bd3 Bb7 10. h3 c5 11. Rc1 Nbd7 12. O-O a6 13. b3 Re8 14. Bb1 Nf8 15. Be5 Ne4 16. Nd2 cxd4 17. Bxd4 Bf6 18. Nf3 Bxd4 19. Nxd4 Ng6 20. Nf3 Rc8 21. Qd4 Rc5 22. Na4 Rxc1 23. Rxc1 b5 24. Nc5 Qe7 25. Nxb7 Qxb7 26. Ne1 Nh4 27. Nd3 Nf5 28. Qb2 Qe7 29. Nf4 d4 30. exd4 Qg5 31. Bxe4 Rxe4 32. Ne2 Kh7 1/2-1/2

[Event "56th Biel Festival MTO 2023"]
[White "Akshit Kumar J"]
[Black "Karthik Rajaa"]
[Site "Biel"]
[Round "8.27"]
[Annotator "ChessBase"]
[Result "0-1"]
[Date "2023.07.26"]
[WhiteElo "2105"]
[BlackElo "2276"]
[PlyCount "106"]
[TimeControl "60"]

1. e4 c6 2. Nc3 d5 3. Nf3 dxe4 4. Nxe4 Nf6 5. Qe2 Na6 6. d3 Bg4 7. Bd2 e6 8. O-O-O Qd5 9. Kb1 Nc5 10. Nxf6+ gxf6 11. h3 Bxf3 12. Qxf3 Qxf3 13. gxf3 Nd7 14. d4 Rd8 15. Rg1 Nb6 16. c3 h5 17. Kc2 Bh6 18. Be1 Kd7 19. c4 Rhg8 20. Rh1 Kc8 21. b3 f5 22. Bc3 Bf4 23. a4 Na8 24. b4 Nc7 25. b5 Rd7 26. bxc6 bxc6 27. Rb1 c5 28. dxc5 Na6 29. Rb5 Rc7 30. a5 Rc6 31. Bf6 Nc7 32. Rb3 Rxc5 33. Bc3 Be5 34. Bd2 Bd4 35. Be2 Rg2 36. f4 Rxf2 37. Bxh5 Rxc4+ 38. Kd3 Ra4 39. Rhb1 Rh2 40. Bxf7 Rxh3+ 41. Ke2 Rh2+ 42. Kd3 Bc5 43. Rd1 Rd4+ 44. Kc3 Rh7 45. Bg6 Rh3+ 46. Kc2 Rxb3 47. Kxb3 Bb4 48. Kc2 Bxd2 49. Rxd2 Rxd2+ 50. Kxd2 Nd5 51. Bf7 Nxf4 52. Ke3 e5 53. Bg8 Kd7 0-1

[Event "56th Biel Festival MTO 2023"]
[White "Coles,Ruben"]
[Black "Gomez Barrera,Javiera Belen"]
[Site "Biel"]
[Round "8.28"]
[Annotator "ChessBase"]
[Result "1-0"]
[Date "2023.07.26"]
[WhiteElo "2167"]
[BlackElo "2256"]
[PlyCount "93"]
[TimeControl "60"]

1. e4 c5 2. Nf3 Nc6 3. Bb5 e6 4. O-O Nge7 5. d4 cxd4 6. Nxd4 Ng6 7. Nxc6 bxc6 8. Bd3 Be7 9. c4 O-O 10. Nc3 Rb8 11. Rb1 Qc7 12. f4 f5 13. exf5 exf5 14. Be3 d6 15. Qc2 Kh8 16. a3 Bf6 17. b4 Ne7 18. Rbc1 a6 19. Rfe1 Bd7 20. Kh1 Rfe8 21. Qd2 Ra8 22. Bf1 Ng6 23. a4 Qb8 24. b5 axb5 25. cxb5 c5 26. Nd5 Bd8 27. Qc2 Ba5 28. Red1 Be6 29. Bf2 Qb7 30. Bc4 Rad8 31. h4 Qf7 32. Qb3 Nf8 33. Qg3 Nd7 34. Qf3 Ra8 35. Ne3 Bc7 36. Bxe6 Qxe6 37. Nd5 Ba5 38. Rd3 Qf7 39. Ne3 Bb4 40. Rxd6 Rxa4 41. Qd1 Ra7 42. b6 Rb7 43. Nd5 Ba3 44. Nc7 Nxb6 45. Nxe8 Bxc1 46. Rd8 Rd7 47. Nf6+ 1-0

[Event "56th Biel Festival MTO 2023"]
[White "Lohia,Sohum"]
[Black "Monteverde,Jonathan"]
[Site "Biel"]
[Round "8.29"]
[Annotator "ChessBase"]
[Result "1-0"]
[Date "2023.07.26"]
[WhiteElo "2247"]
[BlackElo "2074"]
[PlyCount "45"]
[TimeControl "60"]

1. e4 c5 2. Nf3 d6 3. d4 cxd4 4. Nxd4 Nf6 5. Nc3 a6 6. h3 e5 7. Nf3 Be7 8. g4 h6 9. Rg1 b5 10. g5 hxg5 11. Nxg5 Bb7 12. Be3 Nbd7 13. a4 b4 14. Bc4 bxc3 15. Bxf7+ Kf8 16. Bg6 Qa5 17. b4 Qxb4 18. Rb1 Qxa4 19. Rxb7 Qc6 20. Rc7 Qb5 21. Bf5 Ke8 22. Ne6 Nf8 23. Rxe7+ 1-0

[Event "56th Biel Festival MTO 2023"]
[White "Ammar,Sedrani"]
[Black "Jain Kashish Manoj"]
[Site "Biel"]
[Round "8.30"]
[Annotator "ChessBase"]
[Result "1/2-1/2"]
[Date "2023.07.26"]
[WhiteElo "2154"]
[BlackElo "2375"]
[PlyCount "68"]
[TimeControl "60"]

1. d4 Nf6 2. Bg5 Ne4 3. Bf4 c5 4. f3 Qa5+ 5. c3 Nf6 6. Nd2 cxd4 7. Nb3 Qd8 8. Bxb8 Rxb8 9. Qxd4 b6 10. Qf4 d6 11. e4 Qc7 12. Bd3 g6 13. Ne2 Bg7 14. g4 O-O 15. h4 Nd7 16. h5 Ne5 17. O-O-O b5 18. g5 b4 19. hxg6 fxg6 20. Qh2 h5 21. gxh6 Bf6 22. f4 Nxd3+ 23. Rxd3 Qc4 24. Re3 Kh7 25. Rg1 Be6 26. Qg2 Rg8 27. e5 dxe5 28. fxe5 Bh8 29. Ned4 Bd5 30. Qg5 Qc7 31. Rge1 Rgf8 32. Rg1 Rg8 33. Rge1 Rgf8 34. Rg1 Rg8 1/2-1/2

[Event "56th Biel Festival MTO 2023"]
[White "Gemelli,Romain"]
[Black "Schnepp,Gunnar"]
[Site "Biel"]
[Round "8.31"]
[Annotator "ChessBase"]
[Result "0-1"]
[Date "2023.07.26"]
[WhiteElo "2122"]
[BlackElo "2278"]
[PlyCount "68"]
[TimeControl "60"]

1. d4 Nf6 2. c4 c5 3. d5 g6 4. Nc3 Bg7 5. e4 d6 6. Bd3 O-O 7. h3 Na6 8. Nf3 e6 9. O-O Nc7 10. Re1 Re8 11. a4 Na6 12. Ra3 Nb4 13. Bb1 b6 14. Bf4 a6 15. Qd2 Ra7 16. Nd1 Rae7 17. Rae3 Nh5 18. Bg5 f6 19. Bh4 Bh6 20. Qc3 Bxe3 21. Nxe3 g5 22. Nxg5 fxg5 23. Bxg5 exd5 24. exd5 Qc7 25. Bxe7 Rxe7 26. Rf1 Nf4 27. Qf6 Rf7 28. Qg5+ Kh8 29. Qh6 Qe7 30. Re1 Nbd3 31. Bxd3 Nxd3 32. Re2 Nf4 33. Re1 Rf6 34. Qh4 Nxh3+ 0-1

[Event "56th Biel Festival MTO 2023"]
[White "Ermitsch,Magnus"]
[Black "Adocchio,Giampiero"]
[Site "Biel"]
[Round "8.32"]
[Annotator "ChessBase"]
[Result "1-0"]
[Date "2023.07.26"]
[WhiteElo "2232"]
[BlackElo "2165"]
[PlyCount "117"]
[TimeControl "60"]

1. e4 e6 2. d4 d5 3. Nc3 Bb4 4. exd5 exd5 5. Bd3 Nf6 6. Nge2 O-O 7. O-O Re8 8. Ng3 c6 9. a3 Bf8 10. Bg5 Nbd7 11. Qf3 h6 12. Bf4 Nc5 13. Be5 Nxd3 14. Bxf6 Qxf6 15. Qxf6 gxf6 16. cxd3 Bd7 17. Rfe1 Re6 18. Kf1 Rae8 19. Nce2 Bd6 20. Nh5 Kf8 21. Neg3 Rxe1+ 22. Rxe1 Rxe1+ 23. Kxe1 Ke7 24. h3 a5 25. Ng7 Bf4 26. N7f5+ Ke6 27. Ne3 Bd6 28. Ngf5 Bf8 29. Kd2 b6 30. Kc3 Bc8 31. h4 Ba6 32. Ng3 Bc8 33. Nh5 f5 34. Kd2 Bb7 35. Ke2 Ba8 36. Kf3 Bb7 37. Ke2 Bc8 38. f4 Bd7 39. Kf3 Bc8 40. Kf2 Bd7 41. Ng3 Kf6 42. h5 Be6 43. Ne2 Bg7 44. Nc2 Ke7 45. Nc3 Kd6 46. Na4 b5 47. Nc3 b4 48. axb4 axb4 49. Ne2 c5 50. Ke3 b3 51. dxc5+ Kxc5 52. Ncd4 Kb4 53. Nc1 Bxd4+ 54. Kxd4 f6 55. Ne2 Bf7 56. Nc3 Bxh5 57. Nxd5+ Kb5 58. Nxf6 Be2 59. Ng8 1-0

[Event "56th Biel Festival MTO 2023"]
[White "Urh,Zala"]
[Black "Matta,Vinay Kumar"]
[Site "Biel"]
[Round "8.33"]
[Annotator "ChessBase"]
[Result "1/2-1/2"]
[Date "2023.07.26"]
[WhiteElo "2231"]
[BlackElo "2111"]
[PlyCount "56"]
[TimeControl "60"]

1. d4 Nf6 2. c4 g6 3. g3 Bg7 4. Bg2 O-O 5. Nc3 a6 6. Nf3 d5 7. cxd5 Nxd5 8. O-O Nxc3 9. bxc3 c5 10. dxc5 Qa5 11. Be3 Bxc3 12. Rb1 Nc6 13. Qb3 Be6 14. Qxb7 Bd5 15. Nd4 Bxg2 16. Nxc6 Bxc6 17. Qxc6 Qxa2 18. Rb7 Bf6 19. Qb6 a5 20. c6 Qe6 21. c7 Qxb6 22. Bxb6 a4 23. Rd1 a3 24. Rd8 a2 25. Rxa8 Rxa8 26. Rb8+ Rxb8 27. cxb8=Q+ Kg7 28. Qa7 a1=Q+ 1/2-1/2

[Event "56th Biel Festival MTO 2023"]
[White "Kocharin,Timur"]
[Black "Adam,Rafael"]
[Site "Biel"]
[Round "8.34"]
[Annotator "ChessBase"]
[Result "1-0"]
[Date "2023.07.26"]
[WhiteElo "2225"]
[BlackElo "2117"]
[PlyCount "55"]
[TimeControl "60"]

1. e4 e5 2. Nf3 Nc6 3. Bc4 Bc5 4. d3 Nf6 5. Nc3 h6 6. h3 O-O 7. g4 Nh7 8. g5 Nxg5 9. Nxg5 hxg5 10. Nd5 Nd4 11. h4 gxh4 12. Qh5 c6 13. Rg1 cxd5 14. Bh6 Ne6 15. Bxg7 Bxf2+ 16. Kxf2 Qb6+ 17. Kf3 Nd4+ 18. Kg2 Qg6+ 19. Qxg6 fxg6 20. Bxf8 dxc4 21. Bd6 Nxc2 22. Rac1 cxd3 23. Kh2 Kh7 24. Rcf1 b6 25. Rf7+ Kg8 26. Re7 Ba6 27. Rxg6+ Kf8 28. Rh7+ 1-0

[Event "56th Biel Festival MTO 2023"]
[White "Matsumura,Cocoro"]
[Black "Ouellet,Maili-Jade"]
[Site "Biel"]
[Round "8.35"]
[Annotator "ChessBase"]
[Result "1/2-1/2"]
[Date "2023.07.26"]
[WhiteElo "2081"]
[BlackElo "2201"]
[PlyCount "192"]
[TimeControl "60"]

1. e4 c5 2. Nf3 d6 3. d4 cxd4 4. Nxd4 Nf6 5. Nc3 a6 6. Bg5 Nbd7 7. a3 h6 8. Be3 e6 9. Bc4 Ne5 10. Ba2 Qc7 11. Qe2 b5 12. O-O-O Be7 13. f4 Nc6 14. Nxc6 Qxc6 15. e5 dxe5 16. fxe5 Ne4 17. Nd5 Bb7 18. Qg4 exd5 19. Bxd5 Qxd5 20. Rxd5 Bxd5 21. Rd1 Bc6 22. Qxg7 Rf8 23. Qxh6 Rc8 24. e6 Bf6 25. Qh5 Rc7 26. Qf5 Rg8 27. Bb6 Rb7 28. exf7+ Kxf7 29. Bd8 Rg6 30. h4 Kg7 31. h5 Rh6 32. Kb1 Rf7 33. Qg4+ Kh7 34. Bxf6 Nxf6 35. Qf5+ Kg7 36. g4 Bd7 37. Qg5+ Kh7 38. Rd6 Rg7 39. Qf4 Rxg4 40. Rxd7+ Nxd7 41. Qxg4 Nf6 42. Qf5+ Kg7 43. Qf3 Nxh5 44. Qb7+ Kg8 45. Ka2 Ng7 46. Kb3 Ne8 47. c3 Kf8 48. Kb4 Re6 49. b3 Ng7 50. a4 bxa4 51. Kxa4 Nf5 52. b4 Ne7 53. c4 Ke8 54. c5 Kd8 55. Qf3 Kd7 56. Qh3 Nc8 57. Kb3 Ne7 58. Kc4 Nc6 59. Qf5 Ne7 60. Qg4 Nc6 61. Qh3 Ke7 62. Qh7+ Kf6 63. Qb7 Ne7 64. Qa8 Kf7 65. Kb3 Rf6 66. Ka4 Re6 67. Qb7 Ke8 68. Qf3 Rc6 69. Ka5 Kd7 70. Qf8 Rg6 71. Qa8 Rc6 72. Qb7+ Kd8 73. Ka4 Rg6 74. Qf3 Rc6 75. Kb3 Rg6 76. Kc4 Rc6 77. Qh3 Rg6 78. b5 axb5+ 79. Kxb5 Ke8 80. Qh5 Kd7 81. Qe5 Kd8 82. Qb8+ Kd7 83. Qa8 Rf6 84. Kc4 Rg6 85. Kd4 Rc6 86. Qa4 Kd8 87. Qc4 Rg6 88. Ke5 Nc6+ 89. Kf5 Ne7+ 90. Kf4 Rc6 91. Ke5 Ng6+ 92. Ke4 Ne7 93. Qb5 Rg6 94. Qb8+ Kd7 95. Qd6+ Rxd6 96. cxd6 Kxd6 1/2-1/2

[Event "56th Biel Festival MTO 2023"]
[White "Prieb,Robert"]
[Black "Asllani,Dorian"]
[Site "Biel"]
[Round "8.36"]
[Annotator "ChessBase"]
[Result "1/2-1/2"]
[Date "2023.07.26"]
[WhiteElo "2060"]
[BlackElo "2272"]
[PlyCount "103"]
[TimeControl "60"]

1. d4 d5 2. c4 e6 3. Nf3 Nf6 4. Bg5 Nbd7 5. e3 c6 6. Nc3 Qa5 7. Nd2 dxc4 8. Bxf6 Nxf6 9. Nxc4 Qc7 10. Rc1 Be7 11. g3 O-O 12. Bg2 Rd8 13. O-O Nd5 14. Qb3 Bd7 15. Rfd1 Be8 16. e4 Nxc3 17. Rxc3 b5 18. Ne3 Qb6 19. d5 Bf6 20. Rcd3 c5 21. dxe6 fxe6 22. Rxd8 Rxd8 23. Rxd8 Bxd8 24. e5 Bc7 25. f4 c4 26. Qc3 b4 27. Qd2 Qc5 28. Kf2 Bb6 29. Be4 c3 30. bxc3 bxc3 31. Qd3 c2 32. Bxh7+ Kh8 33. Qxc2 Qxe3+ 34. Kg2 Qf2+ 35. Qxf2 Bxf2 36. Kxf2 Kxh7 37. g4 Kg6 38. Kg3 Ba4 39. h4 Bd1 40. Kh3 Be2 41. Kg3 a5 42. a3 a4 43. Kh3 Kf7 44. h5 Ke7 45. Kh4 Kd7 46. Kg5 Kc6 47. f5 exf5 48. gxf5 Kd5 49. f6 gxf6+ 50. exf6 Ke6 51. h6 Bd3 52. Kf4 1/2-1/2